 Dungeon Crawl Stone Soup version 0.30.0-29-ga12c61a403 (webtiles) character file.

Game seed: 5970996512720040762

4329 qw the Cleaver (level 10, -3/63 HPs)
             Began as a Gargoyle Fighter on June 4, 2023.
             Was a Believer of Okawaru.
             Slain by a fire elemental (4 damage)
             ... summoned by a deep elf pyromancer
             ... on level 10 of the Dungeon.
             The game lasted 00:04:19 (8849 turns).

qw the Cleaver (Gargoyle Fighter)                   Turns: 8849, Time: 00:04:20

Health: -3/63      AC: 30    Str: 23    XL:     10   Next: 33%
Magic:  11/13      EV:  8    Int: 10    God:    Okawaru [**....]
Gold:   509        SH:  5    Dex:  9    Spells: 9/9 levels left

rFire   . . .        Y - +1 war axe
rCold   + . .        c - +0 buckler
rNeg    + . .        l - +0 plate armour
rPois   inf          g - +1 helmet
rElec   +            (no cloak)
rCorr   .            h - +2 pair of gloves
SInv    .            i - +0 pair of boots
Will    +....        (no amulet) Stlth
                     j - ring of protection from cold
HPRegen 0.30/turn    b - ring of willpower
MPRegen 0.13/turn

%: no passive effects
@: about to teleport, heroic
A: sickness immunity, AC +7, negative energy resistance 1, electricity
resistance, torment resistance 1, petrification resistance
a: Renounce Religion, Heroism


You were on level 10 of the Dungeon.
You worshipped Okawaru.
Okawaru was pleased with you.
You visited 2 branches of the dungeon, and saw 11 of its levels.

You collected 569 gold pieces.
You spent 60 gold pieces at shops.


Innate Abilities, Weirdness & Mutations

You are immune to sickness and miasma.
Your stone body is resilient. (AC +7)
You are immune to poison.
You resist negative energy. (rN+)
You are resistant to electric shocks. (rElec)
You are resistant to unholy torment.
You are immune to petrification.


   Skills:
 + Level 7.5(12.5) Fighting
 - Level 10.0(15.0) Axes
 - Level 2.0(7.0) Throwing
 - Level 7.0(12.0) Armour
 - Level 1.3(6.3) Dodging
 - Level 4.1(9.1) Shields
 - Level 4.2 Invocations


You had 9 spell levels left.
You didn't know any spells.
Your spell library was empty.

Inventory:

Hand Weapons
 p - a +3 flail
 s - the +0 hand axe of Equilibrium {holy, rC- Int+5}
   (You found it on level 8 of the Dungeon)

   Int:       It affects your intelligence (+5).
   rC:        It makes you vulnerable to cold.
 Y - a +1 war axe (weapon)
Armour
 c - a +0 buckler (worn)
 g - a +1 helmet (worn)
 h - a +2 pair of gloves (worn)
 i - a +0 pair of boots (worn)
 l - a +0 plate armour (worn)
Jewellery
 b - a ring of willpower (right hand)
 j - a ring of protection from cold (left hand)
 r - a ring of resist corrosion
Scrolls
 o - a scroll of identify
Potions
 a - a potion of attraction
 d - 3 potions of might
 e - 5 potions of haste
 f - a potion of cancellation
 k - 4 potions of curing
 n - a potion of mutation

Dungeon Overview and Level Annotations

Branches:
Dungeon (10/15)            Temple (1/1) D:7
   Lair: D:8-11         Orc: D:9-12

Altars:
Ashenzari
Cheibriados
Dithmenos
Elyvilon
Fedhas
Gozag
Hepliaklqana
Kikubaaqudgha
Makhleb
Nemelex Xobeh
Okawaru
Qazlal
Ru
Sif Muna
Trog
Uskayaw
Vehumet
Wu Jian
Xom
Yredelemnul
Zin
The Shining One

Shops:
D:2 (!=   D:3 *   D:10 *

Annotations:
D:5 Eustachio
D:7 2 transporters, 1 runed translucent door, Crazy Yiuf; qw's ghost, novice GrFi


Message History

You start resting.
You feel like a meek peon again.
An orc warrior comes into view. It is wielding a +0 scimitar.
8793 ||| Stepping ~*~*~tactically~*~*~ (stealth).
You see here a yak corpse.
You start resting.
A quokka comes into view.
8810 ||| Stepping ~*~*~tactically~*~*~ (stealth).
You see here 15 gold pieces.
8811 ||| INVOKING Heroism.
You gain the combat prowess of a mighty hero.
You slash the quokka!
You kill the quokka!
Okawaru accepts your kill.
You start resting.
Magic restored.
You start resting.
You feel like a meek peon again.
A deep elf pyromancer comes into view. It is wielding a +0 dagger.
The deep elf pyromancer shouts!
The deep elf pyromancer casts a spell at you.
The bolt of fire hits you!
8846 ||| INVOKING Heroism.
You gain the combat prowess of a mighty hero.
The deep elf pyromancer points at you and mumbles some strange words.
The bolt of fire hits you!!
Ouch! That really hurt!
8847 ||| READING scroll of teleportation.
As you read the scroll of teleportation, it crumbles to dust.
You feel strangely unstable.
The deep elf pyromancer gestures wildly while chanting.
You hit the fire elemental but do no damage.
The deep elf pyromancer mumbles some strange words.
The fire elemental hits you.
You hit the fire elemental.
The fire elemental is lightly damaged.
You hit the fire elemental. The fire elemental hits you.
The fire elemental burns you! The fire elemental hits you.
The fire elemental burns you!
You die...

..
#.....#
..
#..W..#
..
#....9.c+
.. #
#.......#
.. #o
#)......#
.. #.#
####..#.#
##
#.)####
##....
#..%$# #.
##
#..#..@#
#.
##...EE#
##..0e.#
###.E...
#######


You could see a deep elf pyromancer and 3 fire elementals.

Vanquished Creatures
  A hornet (D:8)
  A yak (D:10)
  A steam dragon (D:8)
  Edmund (D:5)
  A water moccasin (D:8)
  Duvessa (D:7)
  2 sky beasts
  An ogre (D:6)
  A centaur (D:9)
  Blork the orc (D:4)
  3 kobold brigands
  4 scorpions
  6 bullfrogs
  Dowan (D:7)
  10 wights
  16 killer bees
  A howler monkey (D:10)
  4 hounds
  7 orc priests
  2 sleepcaps
  Ijyb (D:3)
  10 orc wizards
  4 iguanas
  Robin (D:3)
  9 adders
  A white imp (D:7)
  An ufetubus (D:4)
  2 worms
  2 dart slugs
  30 orcs
  6 ball pythons
  3 bats (D:1)
  3 endoplasms (D:3)
  3 giant cockroaches
  25 goblins
  10 hobgoblins
  3 jackals (D:3)
  17 kobolds
  4 quokkas
  A frilled lizard (D:2)
  5 rats
206 creatures vanquished.

Notes
Turn   | Place    | Note
-------+----------+-------------------------------------------
     0 | D:1      | qw the Gargoyle Fighter began the quest for the Orb.
     0 | D:1      | Reached XP level 1. HP: 14/14 MP: 1/1
     0 | D:1      | 0 ||| qw: Version: 0.2-a-107-g4668610
     0 | D:1      | 0 ||| qw: Game counter: 1276
     0 | D:1      | 0 ||| qw: Always use a shield: true
     0 | D:1      | 0 ||| qw: God list: Okawaru
     0 | D:1      | 0 ||| qw: Allow faded altars: false
     0 | D:1      | 0 ||| qw: Do Orc after D:15 true
     0 | D:1      | 0 ||| qw: Do second Lair branch before Depths: true
     0 | D:1      | 0 ||| qw: Lair rune preference: random
     0 | D:1      | 0 ||| qw: Plans: Normal, Zot:1-4, Slime:5, God:TSO, Crypt,
                  | Tomb, Abyss, Pan, Hells, Win
     0 | D:1      | 0 ||| PLANNING D:1-11
   126 | D:1      | Reached skill level 2 in Axes
   439 | D:1      | Reached XP level 2. HP: 19/19 MP: 2/2
   512 | D:1      | 512 ||| Stepping ~*~*~tactically~*~*~ (stealth).
   527 | D:1      | You fall into a shaft and drop 1 floor!
   536 | D:2      | 536 ||| READING scroll labelled SEURECWY KEDA.
   537 | D:2      | Found Zizangiz's Jewellery Emporium.
   618 | D:1      | 618 ||| Stepping ~*~*~tactically~*~*~ (stealth).
   709 | D:1      | Reached skill level 3 in Axes
   831 | D:1      | 831 ||| DROPPING +0 club.
   866 | D:1      | 866 ||| READING scroll labelled ZIDUSHR GUAJYANUEFF.
   904 | D:2      | 904 ||| SHOPLISTING +4 ring of protection (396 gold, have
                  | 59).
   904 | D:2      | 904 ||| SHOPLISTING +6 ring of strength (396 gold, have
                  | 59).
   904 | D:2      | 904 ||| SHOPLISTING amulet of reflection (330 gold, have
                  | 59).
   904 | D:2      | 904 ||| SHOPLISTING amulet of the acrobat (330 gold, have
                  | 59).
   904 | D:2      | 904 ||| SHOPLISTING ring of protection from cold (275 gold,
                  | have 59).
   904 | D:2      | 904 ||| SHOPLISTING ring of protection from fire (275 gold,
                  | have 59).
   904 | D:2      | 904 ||| SHOPLISTING ring of the Lotus Blossom {rCorr EV+5}
                  | (534 gold, have 59).
   904 | D:2      | 904 ||| SHOPLISTING ring of willpower (275 gold, have 59).
   991 | D:2      | Reached XP level 3. HP: 19/23 MP: 3/3
  1070 | D:2      | Found Qixkiv's Weapon Boutique.
  1088 | D:2      | 1088 ||| SHOPLISTING +0 war axe of venom (86 gold, have
                  | 79).
  1088 | D:2      | 1088 ||| SHOPLISTING +5 war axe of venom (436 gold, have
                  | 79).
  1194 | D:2      | 1194 ||| Stepping ~*~*~tactically~*~*~ (stealth).
  1200 | D:2      | Reached skill level 1 in Throwing
  1200 | D:2      | Reached XP level 4. HP: 28/28 MP: 4/4
  1202 | D:2      | Found Jupun's Distillery.
  1213 | D:2      | 1213 ||| BUYING 2 potions of curing (60 gold).
  1213 | D:2      | Bought 2 potions of curing for 60 gold pieces
  1213 | D:2      | 1213 ||| SHOPLISTING potion of might (40 gold, have 25).
  1302 | D:2      | Found an ancient bone altar of Kikubaaqudgha.
  1533 | D:2      | 1533 ||| UPGRADING to +0 pair of gloves.
  1538 | D:2      | 1538 ||| UPGRADING to +0 pair of boots.
  1543 | D:2      | 1543 ||| UPGRADING to ring of protection from cold.
  1544 | D:2      | 1544 ||| READING scroll labelled OVVOETH EDOLA.
  1561 | D:2      | 1561 ||| READING 2 scrolls labelled GUQURA CAOSTRIO.
  1562 | D:2      | 1562 ||| DROPPING scroll of magic mapping.
  1732 | D:3      | 1732 ||| Stepping ~*~*~tactically~*~*~ (stealth).
  1765 | D:3      | Noticed Robin
  1771 | D:3      | Reached skill level 4 in Axes
  1789 | D:3      | Killed Robin
  1800 | D:3      | Found Duipajon's General Store.
  1808 | D:3      | 1808 ||| SHOPLISTING +0 chain mail (49 gold, have 47).
  1854 | D:3      | Found a shadowy altar of Dithmenos.
  1895 | D:3      | 1895 ||| Stepping ~*~*~tactically~*~*~ (stealth).
  1896 | D:3      | 1896 ||| Stepping ~*~*~tactically~*~*~ (stealth).
  2084 | D:3      | 2084 ||| Stepping ~*~*~tactically~*~*~ (stealth).
  2101 | D:3      | Reached XP level 5. HP: 32/32 MP: 5/5
  2257 | D:3      | Noticed Ijyb
  2268 | D:3      | Killed Ijyb
  2348 | D:3      | 2348 ||| UPGRADING to +1 helmet.
  2353 | D:3      | 2353 ||| READING scroll labelled VAMNYNN OSEEC.
  2354 | D:3      | 2354 ||| READING scroll labelled GUDUIF KIR MUJ.
  2455 | D:3      | 2455 ||| READING scroll labelled ROLUMI JUWAUG.
  2460 | D:3      | 2460 ||| DRINKING 2 fuming coppery potions.
  2461 | D:3      | 2461 ||| DRINKING 3 potions of curing.
  2461 | D:3      | 2461 ||| (to cure confusion)
  2462 | D:3      | 2462 ||| DROPPING potion of ambrosia.
  2581 | D:4      | Reached skill level 5 in Axes
  2581 | D:4      | Reached XP level 6. HP: 15/37 MP: 6/6
  2765 | D:4      | 2765 ||| Stepping ~*~*~tactically~*~*~ (hiding).
  2771 | D:4      | 2771 ||| Stepping ~*~*~tactically~*~*~ (hiding).
  2777 | D:4      | Reached skill level 1 in Dodging
  2807 | D:4      | 2807 ||| READING scroll of enchant armour.
  2807 | D:4      | 2807 ||| ENCHANTING +0 pair of gloves.
  2825 | D:4      | 2825 ||| Stepping ~*~*~tactically~*~*~ (stealth).
  2891 | D:4      | Noticed Blork the orc
  2893 | D:4      | 2893 ||| Stepping ~*~*~tactically~*~*~ (hiding).
  2901 | D:4      | Killed Blork the orc
  2902 | D:4      | Reached XP level 7. HP: 25/43 MP: 7/7
  2971 | D:4      | 2971 ||| DROPPING +0 whip.
  3231 | D:4      | 3231 ||| UPGRADING to +0 plate armour.
  3241 | D:4      | 3241 ||| DROPPING +0 scale mail.
  3242 | D:4      | 3242 ||| DROPPING ring of wizardry.
  3243 | D:4      | 3243 ||| READING scroll labelled COAJIKUSHRA.
  3244 | D:4      | 3244 ||| READING scroll labelled ZEIDOSAAHO.
  3245 | D:4      | 3245 ||| READING scroll labelled CIUMIR NEHA.
  3246 | D:4      | 3246 ||| READING 2 scrolls of identify.
  3246 | D:4      | 3246 ||| IDENTIFYING glowing puce potion
  3270 | D:5      | Entered Level 5 of the Dungeon
  3472 | D:5      | Reached skill level 6 in Axes
  3493 | D:5      | 3493 ||| Stepping ~*~*~tactically~*~*~ (stealth).
  3496 | D:5      | Noticed Edmund
  3528 | D:5      | Killed Edmund
  3979 | D:5      | 3979 ||| Stepping ~*~*~tactically~*~*~ (stealth).
  4177 | D:5      | Noticed Eustachio
  4201 | D:5      | HP: 7/43 [Eustachio/+6 rapier of flaming (9)]
  4201 | D:5      | HP: 3/43 [Eustachio/+6 rapier of flaming (4)]
  4202 | D:5      | 4202 ||| READING scroll of teleportation.
  4277 | D:5      | 4277 ||| Stepping ~*~*~tactically~*~*~ (stealth).
  4385 | D:5      | 4385 ||| UPGRADING to ring of willpower.
  4386 | D:5      | 4386 ||| READING 2 scrolls labelled NOSOANOY IHAO.
  4387 | D:5      | 4387 ||| READING 2 scrolls of identify.
  4387 | D:5      | 4387 ||| IDENTIFYING metallic orange potion
  4388 | D:5      | 4388 ||| DROPPING scroll of amnesia.
  4408 | D:5      | 4408 ||| Stepping ~*~*~tactically~*~*~ (stealth).
  4415 | D:5      | 4415 ||| Stepping ~*~*~tactically~*~*~ (stealth).
  4433 | D:6      | 4433 ||| READING scroll of enchant armour.
  4433 | D:6      | 4433 ||| ENCHANTING +1 pair of gloves.
  4454 | D:6      | Reached skill level 7 in Axes
  4454 | D:6      | Reached XP level 8. HP: 48/48 MP: 8/8
  4651 | D:6      | 4651 ||| Stepping ~*~*~tactically~*~*~ (hiding).
  4730 | D:6      | 4730 ||| Stepping ~*~*~tactically~*~*~ (stealth).
  4732 | D:6      | 4732 ||| Stepping ~*~*~tactically~*~*~ (stealth).
  4733 | D:6      | 4733 ||| Stepping ~*~*~tactically~*~*~ (stealth).
  5171 | D:6      | 5171 ||| READING scroll labelled LETWYX YSOZAW.
  5172 | D:6      | 5172 ||| DRINKING 2 amethyst potions.
  5173 | D:6      | 5173 ||| DRINKING 2 metallic red potions.
  5174 | D:6      | 5174 ||| READING 2 scrolls of identify.
  5174 | D:6      | 5174 ||| IDENTIFYING lumpy sapphire potion
  5253 | D:7      | 5253 ||| Stepping ~*~*~tactically~*~*~ (stealth).
  5254 | D:7      | 5254 ||| Stepping ~*~*~tactically~*~*~ (stealth).
  5286 | D:7      | Identified the +2 robe of Focus {rElec rN+ Int+3}
  5385 | D:7      | Found a flagged portal.
  5402 | D:7      | Identified the +4 ring mail "Acusupt" {MP+9 Int+3 Slay+3}
  5442 | D:7      | Found a transporter.
  5443 | D:7      | Noticed a moth of wrath
  5443 | D:7      | Noticed qw's ghost (novice GrFi)
  5458 | D:7      | Found a transporter.
  5494 | D:7      | 5494 ||| Stepping ~*~*~tactically~*~*~ (hiding).
  5651 | D:7      | 5651 ||| Stepping ~*~*~tactically~*~*~ (stealth).
  5656 | D:7      | Reached skill level 8 in Axes
  5668 | D:7      | Reached skill level 6 in Fighting
  5744 | D:7      | Found a staircase to the Ecumenical Temple.
  5745 | D:7      | 5745 ||| PLANNING TEMPLE
  5745 | D:7      | 5745 ||| READING 3 scrolls of identify.
  5745 | D:7      | 5745 ||| IDENTIFYING purple potion
  5746 | D:7      | 5746 ||| READING 2 scrolls of identify.
  5746 | D:7      | 5746 ||| IDENTIFYING smoky black potion
  5747 | D:7      | 5747 ||| DROPPING potion of flight.
  5748 | D:7      | 5748 ||| DROPPING potion of degeneration.
  5757 | Temple   | Entered the Ecumenical Temple
  5765 | Temple   | 5765 ||| PLANNING OKAWARU WORSHIP
  5830 | Temple   | Became a worshipper of Warmaster Okawaru
  5830 | Temple   | 5830 ||| PLANNING D:1-11
  5887 | D:7      | 5887 ||| Stepping ~*~*~tactically~*~*~ (hiding).
  6006 | D:7      | Noticed Dowan
  6007 | D:7      | Noticed Duvessa
  6015 | D:7      | Killed Dowan
  6022 | D:7      | Killed Duvessa
  6023 | D:7      | Reached skill level 6 in Armour
  6023 | D:7      | Reached XP level 9. HP: 44/55 MP: 9/9
  6239 | D:7      | Found a runed translucent door.
  6240 | D:7      | Noticed Crazy Yiuf
  6358 | D:8      | HP: 7/55 [killer bee (7)]
  6359 | D:8      | 6359 ||| DRINKING 4 potions of heal wounds.
  6361 | D:8      | Reached * piety under Okawaru
  6362 | D:8      | 6362 ||| INVOKING Heroism.
  6364 | D:8      | HP: 12/55 [killer bee (6)]
  6365 | D:8      | 6365 ||| DRINKING 3 potions of heal wounds.
  6367 | D:8      | Reached skill level 9 in Axes
  6374 | D:8      | Reached skill level 1 in Invocations
  6662 | D:8      | Noticed a hornet
  6673 | D:8      | Killed a hornet
  6674 | D:8      | Reached skill level 3 in Invocations
  6756 | D:8      | 6756 ||| Stepping ~*~*~tactically~*~*~ (hiding).
  6934 | D:8      | Identified the +0 hand axe of Equilibrium {holy, rC- Int+5}
  7033 | D:8      | Reached ** piety under Okawaru
  7169 | D:8      | 7169 ||| READING scroll labelled EDOADE VUUX.
  7170 | D:8      | 7170 ||| READING 2 scrolls of identify.
  7170 | D:8      | 7170 ||| IDENTIFYING lumpy silvery potion
  7171 | D:8      | 7171 ||| DROPPING potion of berserk rage.
  7352 | D:9      | 7352 ||| INVOKING Heroism.
  7356 | D:9      | Reached XP level 10. HP: 26/63 MP: 10/13
  7512 | D:9      | 7512 ||| DROPPING +0 flail.
  7546 | D:9      | 7546 ||| Stepping ~*~*~tactically~*~*~ (hiding).
  7553 | D:9      | 7553 ||| Stepping ~*~*~tactically~*~*~ (hiding).
  7836 | D:9      | 7836 ||| Stepping ~*~*~tactically~*~*~ (hiding).
  7838 | D:9      | 7838 ||| Stepping ~*~*~tactically~*~*~ (hiding).
  7840 | D:9      | 7840 ||| Stepping ~*~*~tactically~*~*~ (hiding).
  7841 | D:9      | 7841 ||| Stepping ~*~*~tactically~*~*~ (hiding).
  7843 | D:9      | 7843 ||| Stepping ~*~*~tactically~*~*~ (hiding).
  7849 | D:9      | Reached skill level 10 in Axes
  8118 | D:9      | 8118 ||| Stepping ~*~*~tactically~*~*~ (stealth).
  8119 | D:9      | 8119 ||| Stepping ~*~*~tactically~*~*~ (stealth).
  8120 | D:9      | 8120 ||| Stepping ~*~*~tactically~*~*~ (stealth).
  8125 | D:9      | 8125 ||| INVOKING Heroism.
  8725 | D:10     | Entered Level 10 of the Dungeon
  8734 | D:10     | Noticed a gargoyle
  8741 | D:10     | 8741 ||| INVOKING Heroism.
  8744 | D:10     | HP: 15/63 [gargoyle/+3 mace (15)]
  8745 | D:10     | 8745 ||| READING 3 scrolls of teleportation.
  8746 | D:10     | 8746 ||| DRINKING 2 potions of heal wounds.
  8746 | D:10     | Found Lydweuff's Elemental Accessories.
  8747 | D:10     | Noticed a death yak
  8749 | D:10     | Noticed a death yak
  8749 | D:10     | Noticed a death yak
  8757 | D:10     | 8757 ||| INVOKING Heroism.
  8760 | D:10     | HP: 8/63 [death yak (9)]
  8761 | D:10     | 8761 ||| READING 2 scrolls of teleportation.
  8762 | D:10     | 8762 ||| DRINKING potion of heal wounds.
  8793 | D:10     | 8793 ||| Stepping ~*~*~tactically~*~*~ (stealth).
  8810 | D:10     | 8810 ||| Stepping ~*~*~tactically~*~*~ (stealth).
  8811 | D:10     | 8811 ||| INVOKING Heroism.
  8844 | D:10     | Noticed a deep elf pyromancer
  8846 | D:10     | 8846 ||| INVOKING Heroism.
  8846 | D:10     | HP: 5/63 [deep elf pyromancer/bolt of fire (32)]
  8847 | D:10     | 8847 ||| READING scroll of teleportation.
  8849 | D:10     | HP: 1/63 [fire elemental[a deep elf pyromancer] (4)]
  8849 | D:10     | Slain by a fire elemental

Levels and vault maps discovered:
D:1:      mrwooster_arrival_statue, layout_basic, hex_medium
D:2:      layout_loops_ring, serial_shops, shop, shop, nicolae_lakefront_shop,
          basic_altar, kennysheep_nub
D:3:      layout_basic, grunt_dithmenos_smoke, serial_shops, shop,
          minmay_misc_feat_rows, uniq_ijyb, uniq_robin
D:4:      layout_cave_pools, uniq_blork_the_orc
D:5:      layout_loops_corners, uniq_edmund, uniq_eustachio
D:6:      layout_gridville
D:7:      layout_basic, minmay_temple_entry_mini_moons, enter_bailey_3,
          gammafunk_ghost_berserking_beasts, dk_vineyard_1,
          hangedman_decor_lopped, david_defended_altar_orc, uniq_duvessa,
          uniq_crazy_yiuf_cottage
D:8:      layout_loops_ring
D:9:      layout_grid_maze
D:10:     layout_rooms, dpeg_lair_monsters, david_orc_5, nicolae_elemental_shop,
          kennysheep_flooded_box, minmay_bent
Temple:   grunt_wide_crystal_templ

Skill      XL: |  1  2  3  4  5  6  7  8  9 10 |
---------------+-------------------------------+-----
Axes           | 2 3 4 5 7 8 9 10 | 10.0
Throwing       | 1 2 |  2.0
Fighting       | 4 6 7 |  7.5
Dodging        | 1 |  1.3
Armour         | 4 6 7 |  7.0
Shields        | 4 |  4.1
Invocations    | 4 |  4.2

Action                     |  1- 3 |  4- 6 |  7- 9 | 10-12 || total
---------------------------+-------+-------+-------+-------++-------
  Melee: War axe           |    64 |   147 |   395 |    97 ||   703
  Throw: Javelin           |    24 |    21 |    15 |       ||    60
 Invoke: Heroism           |       |       |     2 |     5 ||     7
    Use: Scroll            |     2 |     6 |    14 |     3 ||    25
         Potion            |       |     2 |     4 |     2 ||     8
 Armour: Scale mail        |    30 |    98 |       |       ||   128
         Plate armour      |       |       |   357 |   129 ||   486
         Skin              |       |       |    55 |       ||    55
  Dodge: Dodged            |    28 |    55 |   140 |    69 ||   292
  Block: Buckler           |     8 |    30 |    94 |    38 ||   170

Table legend:
 A = Non-vault XP
 B = Vault XP
 C = Vault XP percentage of total XP
 D = Non-vault monster count
 E = Vault monster count
 F = Vault count percentage of total count
                 A         B        C        D         E       F
            +---------+---------+-------+---------+---------+-------
      Total |    5197 |     988 |  16.0 |     178 |      28 |  13.6
            +---------+---------+-------+---------+---------+-------
        D:1 |      29 |       0 |   0.0 |      18 |       0 |   0.0
        D:2 |      64 |       0 |   0.0 |      15 |       0 |   0.0
        D:3 |      58 |      74 |  56.1 |      23 |      14 |  37.8
        D:4 |     312 |      96 |  23.5 |      18 |       1 |   5.3
        D:5 |     359 |     157 |  30.4 |      16 |       1 |   5.9
        D:6 |     617 |       0 |   0.0 |      16 |       0 |   0.0
        D:7 |     397 |     350 |  46.9 |      10 |       9 |  47.4
        D:8 |    1989 |       0 |   0.0 |      32 |       0 |   0.0
        D:9 |    1200 |       0 |   0.0 |      24 |       0 |   0.0
       D:10 |     172 |     311 |  64.4 |       6 |       3 |  33.3
            +---------+---------+-------+---------+---------+-------
